 Dungeon Crawl Stone Soup version 0.25-a0-1056-g2efb326896 (webtiles) character file.

Game seed: 4010447309120501662, levelgen mode: deterministic

126251 Flugslaktarn the Severer (level 16, -24/88 HPs)
             Began as a Vine Stalker Fighter on May 13, 2020.
             Was the Champion of Makhleb.
             Blown up by an orb spider (32 damage)
             ... with an orb of destruction
             ... on level 4 of the Spider Nest.
             The game lasted 00:16:05 (21356 turns).

Flugslaktarn the Severer (Vine Stalker Fighter)    Turns: 21356, Time: 00:16:06

Health: -24/88     AC: 24    Str: 25    XL:     16   Next: 98%
Magic:  0/26       EV:  8    Int:  6    God:    Makhleb [******]
Gold:   3311       SH: 15    Dex: 22    Spells: 15/15 levels left

rFire    + + +     SeeInvis .   l - +9 war axe (flame)
rCold    . . .     Gourm    .   M - +1 kite shield {rF+}
rNeg     . . .     Faith    +   z - +2 chain mail {rPois}
rPois    +         Spirit   +   X - +2 helmet
rElec    .         Reflect  .   u - +0 cloak
rCorr    +         Harm     .   o - +2 pair of gloves
MR       ++...                  L - +2 pair of boots {Fly}
Stlth    ..........             Q - amulet of faith
HPRegen  1.04/turn              k - ring of resist corrosion
MPRegen  0.20/turn              R - ring "Egarheqy" {rF++ Int-2 Dex+5}

@: flying, studying 2 skills
A: fangs 3, yellow scales 1, deformed body, regeneration 2, strong 1, magic
shield, antimagic bite, no potion heal 3, rot immunity
a: Minor Destruction, Lesser Servant of Makhleb, Major Destruction, Greater
Servant of Makhleb, Renounce Religion, Stop Flying


You were on level 4 of the Spider Nest.
You worshipped Makhleb.
Makhleb was exalted by your worship.
You were near starving.

You visited 5 branches of the dungeon, and saw 28 of its levels.
You also visited: Ice Cave.

You collected 4757 gold pieces.
You spent 1446 gold pieces at shops.

Inventory:

Hand Weapons
 l - a +9 war axe of flaming (weapon)
   (You took it off an orc on level 3 of the Dungeon)
 B - a +1 vorpal broad axe
   (You bought it in a shop on level 15 of the Dungeon)
Missiles
 G - 4 throwing nets (quivered)
Armour
 f - a scarf of resistance
   (You found it on level 2 of the Dungeon)
 g - a +0 plate armour
   (You took it off an orc warrior on level 5 of the Dungeon)
 o - a +2 pair of gloves (worn)
   (You found it on level 1 of the Dungeon)
 u - a +0 cloak (worn)
   (You found it on level 4 of the Dungeon)
 z - a +2 chain mail of poison resistance (worn)
   (You bought it in a shop on level 13 of the Dungeon)
 L - a +2 pair of boots of flying (worn)
   (You found it on level 13 of the Dungeon)
 M - a +1 kite shield of fire resistance (worn)
   (You found it on level 2 of the Lair of Beasts)
 X - a +2 helmet (worn)
   (You found it on level 1 of the Spider Nest)
Jewellery
 k - a ring of resist corrosion (left hand)
   (You found it on level 2 of the Lair of Beasts)
 K - an uncursed ring of fire
   (You found it on level 9 of the Dungeon)
 Q - an amulet of faith (around neck)
   (You found it on level 4 of the Lair of Beasts)
 R - the ring "Egarheqy" (right hand) {rF++ Int-2 Dex+5}
   (You bought it in a shop on level 2 of the Orcish Mines)

   [ring of dexterity]

   It affects your intelligence (-2).
   It affects your dexterity (+5).
   It greatly protects you from fire.
 S - a +3 ring of strength
   (You took it off a centaur warrior on level 13 of the Dungeon)
Wands
 a - a wand of acid (14)
   (You found it on level 4 of the Dungeon)
 v - a wand of digging (6)
   (You found it on level 4 of the Spider Nest)
 D - a wand of clouds (9)
   (You found it on level 4 of the Dungeon)
 H - a wand of enslavement (26)
   (You found it on level 3 of the Lair of Beasts)
 I - a wand of iceblast (8)
   (You found it on level 9 of the Dungeon)
Scrolls
 b - a scroll of holy word {unknown}
 c - a scroll of fear
 m - 3 scrolls of magic mapping
 s - 3 scrolls of immolation
 t - 6 scrolls of teleportation
 x - 11 scrolls of remove curse
 y - 5 scrolls of enchant armour
 F - 4 scrolls of fog
 T - a scroll of enchant weapon
 W - a scroll of silence {unknown}
Potions
 d - 2 potions of might
 h - 3 potions of haste
 j - 5 potions of mutation
 n - 2 potions of resistance
 p - 6 potions of cancellation
 q - 4 potions of curing
 w - 3 potions of lignification
 C - 7 potions of invisibility
 J - 2 potions of berserk rage
 O - 2 potions of ambrosia
Books
 P - a manual of Armour
   (You acquired it on level 15 of the Dungeon)
 U - a manual of Shields
   (You acquired it on level 15 of the Dungeon)
Comestibles
 e - 44 rations


   Skills:
 + Level 11.7 Fighting
 * Level 15.7 Axes
 + Level 11.8 Armour
 + Level 12.7 Shields
 + Level 12.1 Invocations


You had 15 spell levels left.
You didn't know any spells.
Your spell library was empty.

Dungeon Overview and Level Annotations

Branches:
Dungeon (15/15)            Temple (1/1) D:4            Lair (6/6) D:9
 Shoals (0/4) Lair:2       Spider (4/4) Lair:3        Slime (0/5) Lair:6
    Orc (2/2) D:10            Elf (0/3) Orc:2        Vaults (0/5) D:14
 Depths (0/5) D:15          IceCv (visited)

Altars:
Ashenzari
Cheibriados
Dithmenos
Elyvilon
Fedhas
Gozag
Hepliaklqana
Kikubaaqudgha
Makhleb
Nemelex Xobeh
Okawaru
Qazlal
Ru
Sif Muna
Trog
Uskayaw
Vehumet
Wu Jian
Xom
Yredelemnul
Zin
The Shining One
Jiyva

Shops:
D:10 %[   D:13 [   D:15 (   Orc:2 =*[(

Portals:
Hell: Lair:6

Annotations:
D:15 Rupert
Lair:2 exclusion: oklob plant


Innate Abilities, Weirdness & Mutations

You have razor-sharp teeth.
You heal very quickly.
When hurt, damage is shared between your health and your magic reserves.
Your bite disrupts and absorbs the magic of your enemies.
Potions cannot restore your health.
You are immune to rotting.
You are partially covered in yellow scales. (AC +2)
Armour fits poorly on your strangely shaped body.
Your muscles are strong. (Str +2)


Message History

Something stings you but does no damage.
Your blizzard demon hits the emperor scorpion.
Your blizzard demon hits the emperor scorpion but does no damage.
The orb spider weaves a glowing orb of energy.
An orb of destruction comes into view.
You feel you are being watched by something.
You see here an emperor scorpion corpse.
Okay, then.
Unknown command.
Okay, then.
Okay, then.
Unknown command.
Okay, then.
A demon appears!
You feel you are being watched by something.
You feel your power leaking away. Something hits you but does no damage.
You block something's attack.
Something stings you but does no damage.
The orb of destruction hits you!!
You die...

#.^ #^. #.. #.^ ###
####### # ###^^†.†###
######^...3.†.†####
###≈......####@☼†..≈##
#≈....≈#### ##†○....#
##≈..####..^....s{°.....
##....# .≈≈≈≈≈2≈..s###.
#...†.# ≈≈≈≈.φ≈≈^..≈.
#.^..≈## ...!≈≈≈....###
#≈≈†.≈≈####≈....!#####
##.^..≈≈≈≈#######
###≈........


You could see an emperor scorpion, an orb spider and a friendly ynoxinul
(summoned).

Vanquished Creatures
  Kirke (Spider:3)
  An orc warlord (Orc:2)
  2 ghost moths
  4 emperor scorpions (Spider:4)
  3 entropy weavers (Spider:1)
  Azrael (D:15)
  2 dire elephants
  Snorg (Lair:4)
  A fire dragon (D:12)
  9 hydras
  An ogre mage (D:14)
  9 two-headed ogres
  3 centaur warriors
  A queen ant (Spider:1)
  A death yak (Lair:6)
  3 orc high priests (Orc:2)
  Nergalle (D:12)
  4 skeletal warriors
  A sixfirhy (Lair:6)
  An unseen horror (D:14)
  2 wizards
  Pikel (D:5)
  4 orc knights (Orc:2)
  7 orb spiders
  5 orc sorcerers (Orc:2)
  6 ugly things
  3 deep elf magi
  17 wolf spiders
  A salamander (D:15)
  2 cyclopes
  5 slime creatures
  A manticore (D:12)
  4 black mambas
  2 centaur zombies (D:15)
  2 centaur skeletons (D:15)
  3 torpor snails
  A smoke demon (Lair:6)
  An orange demon (Lair:6)
  4 spiny frogs
  15 demonic crawlers
  5 komodo dragons
  3 rime drakes
  An efreet (D:15)
  A redback zombie (D:15)
  4 ice devils (Lair:6)
  A freezing wraith (D:14)
  A harpy zombie (D:15)
  20 jumping spiders
  2 polar bears
  2 merfolk
  3 meliai (D:15)
  A red devil (Lair:6)
  4 trolls
  A hornet (shapeshifter) (D:14)
  A troll (shapeshifter) (D:15)
  2 hornets
  9 dream sheep
  A snapping turtle (Lair:2)
  10 blink frogs
  10 hippogriffs
  A wraith (D:14)
  2 water elementals
  48 redbacks
  A centaur simulacrum (D:14)
  23 tarantellas
  3 hogs (Spider:3)
  8 wyverns
  57 yaks
  5 fire elementals
  A basilisk (D:15)
  A human (D:10)
  2 vampire mosquitoes (D:15)
  Menkaure (D:4)
  A hungry ghost (D:8)
  2 acid dragons (D:14)
  20 soldier ants
  14 water moccasins
  6 hell hounds
  10 porcupines
  4 slaves (D:5)
  18 ice beasts
  A hornet zombie (D:15)
  A sky beast (D:6)
  33 orc warriors
  A necrophage (D:8)
  3 ogres
  2 wolves (D:14)
  21 centaurs
  5 phantoms
  11 crocodiles
  A big kobold (D:13)
  11 bullfrogs
  A water moccasin skeleton (D:6)
  2 wyvern skeletons
  9 killer bees
  A scorpion (D:8)
  10 wights
  2 electric eels
  5 howler monkeys
  A bullfrog zombie (D:7)
  12 crimson imps
  A quasit (D:10)
  2 hounds
  24 orc priests
  A bullfrog skeleton (D:5)
  Terence (D:2)
  4 iguanas
  24 orc wizards
  3 hell rats (Lair:6)
  27 worker ants
  A hound zombie (D:8)
  Robin (D:2)
  10 adders
  3 gnolls (D:5)
  6 river rats (Lair:6)
  6 shadow imps
  2 white imps (D:14)
  An ooze (D:2)
  2 adder zombies
  An adder skeleton (D:7)
  5 worms
  3 dart slugs
  5 leopard geckos
  84 orcs
  2 ball pythons
  9 bats
  4 giant cockroaches
  17 goblins
  13 hobgoblins
  21 jackals
  17 kobolds
  3 quokkas
  2 frilled lizards (D:1)
  A quokka skeleton (D:5)
  A quokka zombie (D:5)
  4 rats
  6 fungi
  6 plants
902 creatures vanquished.

Vanquished Creatures (collateral kills)
  An orb spider (Spider:4)
  3 jumping spiders (Spider:4)
  A tarantella (Spider:4)
  2 fungi (Lair:6)
7 creatures vanquished.

Vanquished Creatures (others)
  A ghost moth (Spider:4)
  4 plants (Spider:2)
5 creatures vanquished.

Grand Total: 914 creatures vanquished

Notes
Turn   | Place    | Note
-------+----------+-------------------------------------------
     0 | D:1      | Flugslaktarn the Vine Stalker Fighter began the quest for
                  | the Orb.
     0 | D:1      | Reached XP level 1. HP: 11/11 MP: 2/2
   198 | D:1      | Reached skill level 2 in Axes
   225 | D:1      | Reached XP level 2. HP: 16/16 MP: 3/3
   430 | D:1      | Reached XP level 3. HP: 18/19 MP: 4/4
  1269 | D:2      | Noticed Robin
  1276 | D:2      | Gained mutation: Your natural rate of healing is unusually
                  | fast. [Vine Stalker growth]
  1276 | D:2      | Reached XP level 4. HP: 14/24 MP: 3/5
  1289 | D:2      | Killed Robin
  1289 | D:2      | Reached skill level 3 in Axes
  1406 | D:2      | Noticed Terence
  1416 | D:2      | Killed Terence
  1479 | D:2      | Reached XP level 5. HP: 28/28 MP: 6/6
  2299 | D:3      | Reached XP level 6. HP: 21/32 MP: 4/7
  2510 | D:3      | Found a glowing golden altar of the Shining One.
  2654 | D:3      | Reached skill level 4 in Axes
  2885 | D:4      | Found a staircase to the Ecumenical Temple.
  2906 | Temple   | Entered the Ecumenical Temple
  3164 | Temple   | Became a worshipper of Makhleb the Destroyer
  3346 | D:4      | Noticed Menkaure
  3355 | D:4      | Killed Menkaure
  3355 | D:4      | Reached skill level 1 in Invocations
  3355 | D:4      | Reached XP level 7. HP: 13/37 MP: 5/8
  3714 | D:5      | Entered Level 5 of the Dungeon
  3739 | D:5      | Noticed Pikel
  3767 | D:5      | Killed Pikel
  3767 | D:5      | Reached skill level 5 in Axes
  3767 | D:5      | Gained mutation: You have razor-sharp teeth. [Vine Stalker
                  | growth]
  3767 | D:5      | Reached XP level 8. HP: 38/42 MP: 8/10
  3909 | D:5      | Found a shimmering blue altar of Sif Muna.
  4231 | D:6      | Reached * piety under Makhleb
  4271 | D:5      | Reached skill level 6 in Axes
  4440 | D:6      | Reached skill level 5 in Shields
  4440 | D:6      | Reached XP level 9. HP: 46/46 MP: 12/12
  4524 | D:6      | Reached skill level 5 in Fighting
  5026 | D:7      | Found an iron altar of Okawaru.
  5511 | D:7      | Reached skill level 7 in Axes
  5513 | D:7      | Reached skill level 5 in Armour
  5763 | D:8      | Reached XP level 10. HP: 50/53 MP: 14/14
  5779 | D:8      | Reached skill level 8 in Axes
  5779 | D:8      | Reached skill level 5 in Invocations
  5919 | D:8      | Reached ** piety under Makhleb
  6328 | D:9      | Gained mutation: You are partially covered in yellow
                  | scales. (AC +2) [potion of mutation]
  6328 | D:9      | Gained mutation: Your muscles are strong. (Str +2) [potion
                  | of mutation]
  6464 | D:9      | Found a staircase to the Lair.
  6595 | D:9      | Noticed a two-headed ogre
  6603 | D:9      | Killed a two-headed ogre
  6914 | D:9      | Identified a scroll of acquirement
  6920 | D:10     | Entered Level 10 of the Dungeon
  6991 | D:10     | Found Vunt's Food Shop.
  7052 | D:10     | Found Esiashro's Armour Shoppe.
  7054 | D:10     | Found a staircase to the Orcish Mines.
  7057 | D:10     | Reached *** piety under Makhleb
  7062 | D:10     | Reached skill level 9 in Axes
  7069 | D:10     | Reached XP level 11. HP: 55/58 MP: 13/16
  7819 | D:11     | Noticed a skeletal warrior
  7819 | D:11     | Noticed a skeletal warrior
  7820 | D:11     | Noticed a skeletal warrior
  7825 | D:11     | Noticed a skeletal warrior
  7841 | D:11     | Reached **** piety under Makhleb
  7859 | D:10     | HP: 1/58 [poisoned by a skeletal warrior]
  7921 | Lair:1   | Entered Level 1 of the Lair of Beasts
  7949 | Lair:1   | Noticed an eight-headed hydra
  7956 | Lair:1   | Killed a four-headed hydra
  7973 | Lair:1   | Reached skill level 10 in Axes
  8873 | Lair:2   | Gained mutation: You heal very quickly. [Vine Stalker
                  | growth]
  8873 | Lair:2   | Reached XP level 12. HP: 50/64 MP: 11/18
  8972 | Lair:2   | Found a staircase to the Shoals.
  9433 | Lair:3   | Noticed a six-headed hydra
  9443 | Lair:3   | Killed a two-headed hydra
  9552 | Lair:3   | Found a hole to the Spider Nest.
  9552 | Lair:3   | Noticed a four-headed hydra
  9560 | Lair:3   | Killed a one-headed hydra
  9684 | Lair:3   | Reached skill level 11 in Axes
 10264 | Lair:4   | Noticed a seven-headed hydra
 10268 | Lair:4   | Noticed an eight-headed hydra
 10275 | Lair:4   | Killed a two-headed hydra
 10277 | Lair:4   | Killed a five-headed hydra
 10280 | Lair:4   | Reached ***** piety under Makhleb
 10315 | Lair:4   | Noticed Snorg
 10325 | Lair:4   | Killed Snorg
 10337 | Lair:4   | Reached XP level 13. HP: 53/69 MP: 17/20
 11276 | Lair:5   | Reached skill level 12 in Axes
 11728 | Lair:6   | Entered Level 6 of the Lair of Beasts
 12038 | Lair:6   | Noticed a dire elephant
 12057 | Lair:6   | Killed a dire elephant
 12092 | Lair:6   | Found a burning altar of Makhleb.
 12440 | Lair:6   | Found a viscous altar of Jiyva.
 12440 | Lair:6   | Found a staircase to the Slime Pits.
 12704 | Lair:6   | Found a gateway to Hell.
 12922 | D:10     | Reached XP level 14. HP: 75/75 MP: 22/22
 13475 | D:12     | Noticed Nergalle
 13485 | D:12     | Killed Nergalle
 13603 | D:12     | Reached skill level 13 in Axes
 13619 | D:12     | Reached ****** piety under Makhleb
 14505 | D:13     | Reached skill level 10 in Invocations
 14602 | D:13     | Found Wiroun's Armour Boutique.
 14973 | D:14     | Reached skill level 10 in Fighting
 15073 | D:14     | Reached skill level 10 in Shields
 15125 | D:14     | Found a gate to the Vaults.
 15179 | D:14     | Found a frozen archway.
 15203 | IceCv    | Entered an ice cave
 15304 | D:14     | Paralysed by a wizard for 2 turns
 15720 | D:15     | Entered Level 15 of the Dungeon
 15855 | D:15     | Reached XP level 15. HP: 74/81 MP: 18/23
 15908 | D:15     | Found Edutueck's Antique Weapon Boutique.
 15916 | D:15     | Bought a glowing broad axe for 203 gold pieces
 15950 | D:15     | Noticed Rupert
 15955 | D:15     | Paralysed by Rupert for 4 turns
 16218 | D:15     | Noticed Azrael
 16255 | D:15     | Killed Azrael
 16413 | D:15     | Reached skill level 14 in Axes
 16455 | D:15     | Found a staircase to the Depths.
 16755 | D:15     | Identified the +2 cloak of Dawn {Harm rF+ Dex+3} (You
                  | acquired it on level 15 of the Dungeon)
 16891 | Orc:1    | Entered Level 1 of the Orcish Mines
 17020 | Orc:2    | Entered Level 2 of the Orcish Mines
 17216 | Orc:2    | Found an iron altar of Okawaru.
 17228 | Orc:2    | Found a staircase to the Elven Halls.
 17262 | Orc:2    | Reached skill level 10 in Armour
 17275 | Orc:2    | Noticed an orc warlord
 17299 | Orc:2    | Killed an orc warlord
 17351 | Orc:2    | Gained mutation: Armour fits poorly on your strangely
                  | shaped body. [a neqoxec]
 17670 | Orc:2    | Paralysed by an orc sorcerer for 2 turns
 17732 | Orc:2    | Found Tikleqok's Antique Armour Boutique.
 17733 | Orc:2    | Found Honuiczoarr's Antique Weapon Boutique.
 17734 | Orc:2    | Found Zezis's General Store.
 17734 | Orc:2    | Found Kacesk's Jewellery Shop.
 17759 | Orc:2    | Bought the ring "Egarheqy" {rF++ Int-2 Dex+5} for 984 gold
                  | pieces
 18121 | D:13     | Bought a +2 chain mail of poison resistance for 259 gold
                  | pieces
 18319 | Spider:1 | Entered Level 1 of the Spider Nest
 18491 | Spider:1 | Killed a ghost moth
 18612 | Spider:1 | Reached XP level 16. HP: 87/87 MP: 25/25
 19025 | Spider:1 | Reached skill level 15 in Axes
 19386 | Spider:2 | You are sucked into a shaft and drop 1 floor!
 20382 | Spider:3 | Noticed Kirke
 20392 | Spider:3 | Killed Kirke
 20585 | Spider:4 | Entered Level 4 of the Spider Nest
 21356 | Spider:4 | Blown up by an orb spider

Illustrated notes

Levels and vault maps discovered:
D:1:      dpeg_arrival_more_subterranean_lakeside_camping, layout_basic
D:2:      layout_basic, glass_columns_b, uniq_terence, uniq_robin
D:3:      layout_basic, first_ration, chequers_serial_rivers_room_a,
          nicolae_tso_swordbearing_angel
D:4:      layout_gridville, minmay_temple_entry_mist, minmay_misc_feat_five,
          kennysheep_generic_room_5, uniq_menkaure
D:5:      layout_cave_pools, lemuel_blue_sif_altar, uniq_pikel
D:6:      layout_loops_ring
D:7:      layout_loops_ring, nicolae_overflow_crystal_walls
D:8:      layout_rooms, nrook_campfire
D:9:      nicolae_whirlpool, layout_gridville, lair_entry_dummy
D:10:     layout_small_grid, orc_david_3, serial_shops,
          nicolae_shop_temple_entry_statues_fountains, hangedman_stone_soup
D:11:     layout_cave_pools, minivault_4
D:12:     layout_irregular_city, uniq_nergalle
D:13:     layout_loops_ring, serial_shops, nicolae_shop_statue_plus,
          evilmike_butchery
D:14:     layout_rooms, david_vaults_2, serial_ice, serial_ice_e, serial_ice_h,
          serial_ice_m, serial_ice_f, portal_ice_cave_entry_ice_beasts,
          hangedman_abyss_or_decor_stabs
D:15:     hangedman_depths_entry_try_elsewhere_first, layout_basic,
          minmay_misc_feat_chi, serial_shops, shop, uniq_rupert, uniq_azrael
Temple:   nicolae_temple_the_god_donut
Lair:1:   layout_small_grid, grunt_megastairs_2
Lair:2:   layout_gridlike, minmay_shoals_entry_hut,
          chequers_serial_rivers_micro_a, fungi_pond_lemuel,
          minmay_lair_oklob_chamber
Lair:3:   layout_chaotic_city, spider_nest_entry_webs, serial_bayou_shore_a,
          lemuel_fruit_tree
Lair:4:   layout_loops_ring, beast_lair_carwin_1, uniq_snorg
Lair:5:   layout_regular_city
Lair:6:   evil_forest, layout_long_grid, slime_altar_1, kennysheep_rathole
Spider:1: layout_spider_delve, zaba_antful_of_joy
Spider:2: layout_spider_delve, worms_lemuel
Spider:3: layout_chambers, uniq_kirke
Spider:4: grunt_spider_rune_circles
Orc:1:    layout_caves
Orc:2:    st_orc_congregation, layout_diamond_mine, okawaru_metal_pillars_3

Skill      XL: |  1  2  3  4  5  6  7  8  9 10 11 12 13 14 15 16 |
---------------+-------------------------------------------------+-----
Axes           | 2 3 4 5 6 7 9 10 11 12 13 14 15 | 15.7
Fighting       | 3 4 5 6 7 8 9 10 11 | 11.7
Shields        | 3 4 5 6 7 8 9 10 11 12 | 12.7
Armour         | 3 4 5 6 7 8 9 10 11 | 11.8
Invocations    | 1 2 3 4 6 7 8 9 10 11 12 | 12.1

Action                   |  1- 3 |  4- 6 |  7- 9 | 10-12 | 13-15 | 16-18 || total
-------------------------+-------+-------+-------+-------+-------+-------++-------
Melee: War axe           |   114 |   159 |   160 |   396 |  1031 |   390 ||  2250
       Bite              |    26 |    44 |    43 |   135 |   411 |   198 ||   857
Invok: Greater Servant o |       |       |       |       |       |     2 ||     2
       Lesser Servant of |       |       |       |       |       |     1 ||     1
  Use: Scroll            |       |    11 |     2 |    11 |    13 |     8 ||    45
       Potion            |       |     1 |       |     2 |     3 |     1 ||     7
 Stab: Distracted        |       |       |       |       |       |     1 ||     1
       Held in net/web   |       |       |       |       |       |     1 ||     1
  Eat: Chunk             |     1 |     7 |     7 |    18 |    18 |     3 ||    54
       Ration            |       |       |     1 |       |     3 |     1 ||     5
Armor: Scale mail        |    60 |    66 |       |       |       |       ||   126
       Chain mail        |       |    42 |    40 |       |    73 |   299 ||   454
       Plate armour      |       |       |    58 |   274 |   440 |       ||   772
Dodge: Dodged            |    41 |    46 |    30 |    85 |   188 |   141 ||   531
Block: Kite shield       |    77 |    91 |    81 |   304 |   664 |   345 ||  1562

Table legend:
 A = Non-vault XP
 B = Vault XP
 C = Vault XP percentage of total XP
 D = Non-vault monster count
 E = Vault monster count
 F = Vault count percentage of total count
                 A         B        C        D         E       F
            +---------+---------+-------+---------+---------+-------
      Total |  115795 |   64564 |  35.8 |     626 |     266 |  29.8
            +---------+---------+-------+---------+---------+-------
        D:1 |      41 |       0 |   0.0 |      23 |       0 |   0.0
        D:2 |      59 |      69 |  53.9 |      29 |      12 |  29.3
        D:3 |     278 |       0 |   0.0 |      40 |       0 |   0.0
        D:4 |     151 |     170 |  53.0 |       9 |       2 |  18.2
        D:5 |     508 |     651 |  56.2 |      15 |       1 |   6.2
        D:6 |     685 |       0 |   0.0 |      14 |       0 |   0.0
        D:7 |     685 |       0 |   0.0 |      12 |       0 |   0.0
        D:8 |    2461 |       0 |   0.0 |      28 |       0 |   0.0
        D:9 |    1836 |     337 |  15.5 |      27 |       3 |  10.0
       D:10 |    4748 |     820 |  14.7 |      35 |      12 |  25.5
       D:11 |    3195 |       0 |   0.0 |      12 |       0 |   0.0
       D:12 |    3460 |     816 |  19.1 |      21 |       1 |   4.5
       D:13 |    6318 |       0 |   0.0 |      31 |       0 |   0.0
       D:14 |    9189 |    4842 |  34.5 |      37 |      19 |  33.9
       D:15 |   12146 |    4640 |  27.6 |      33 |      11 |  25.0
     Lair:1 |    2253 |    1136 |  33.5 |      11 |       2 |  15.4
     Lair:2 |    2524 |     265 |   9.5 |      14 |       1 |   6.7
     Lair:3 |    5372 |     436 |   7.5 |      17 |       2 |  10.5
     Lair:4 |    7351 |    2951 |  28.6 |      21 |       9 |  30.0
     Lair:5 |    4210 |       0 |   0.0 |      19 |       0 |   0.0
     Lair:6 |    4772 |    9747 |  67.1 |      24 |      35 |  59.3
   Spider:1 |   18124 |    7039 |  28.0 |      55 |      38 |  40.9
   Spider:2 |    6551 |    3337 |  33.7 |      21 |       9 |  30.0
   Spider:3 |    9691 |    2697 |  21.8 |      26 |       4 |  13.3
   Spider:4 |    4447 |   11664 |  72.4 |      11 |      25 |  69.4
      Orc:1 |     480 |       0 |   0.0 |       5 |       0 |   0.0
      Orc:2 |    4260 |   11715 |  73.3 |      36 |      73 |  67.0
      IceCv |       0 |    1232 | 100.0 |       0 |       7 | 100.0
            +---------+---------+-------+---------+---------+-------
